 Dungeon Crawl Stone Soup version 0.28.0-45-g0d030f2227 (webtiles) character file.

Game seed: 13604720247729575586

6 DemonSlayer the Firebug (level 1, -2/13 HPs)
             Began as a Demonspawn Fire Elementalist on Apr 4, 2022.
             Killed from afar by a dart slug (5 damage)
             ... with a slug dart
             ... on level 1 of the Dungeon.
             The game lasted 00:00:44 (206 turns).

DemonSlayer the Firebug (DsFE)                       Turns: 206, Time: 00:00:45

Health: -2/13      AC:  2    Str:  8    XL:     1   Next: 75%
Magic:  0/3        EV: 12    Int: 16    God:
Gold:   0          SH:  0    Dex: 13    Spells: 3/4 levels left

rFire   . . .      SeeInvis .   (no weapon)
rCold   . . .      Faith    .   (no shield)
rNeg    . . .      Spirit   .   a - +0 robe
rPois   .          Reflect  .   (no helmet)
rElec   .          Harm     .   (no cloak)
rCorr   .          Rampage  .   (no gloves)
Will    .....                   (no boots)
Stlth   ++........              (no amulet)
HPRegen 0.04/turn               (no ring)
MPRegen 0.08/turn               (no ring)

@: no status effects
A: no striking features
a: no special abilities


You were on level 1 of the Dungeon.
You visited 1 branch of the dungeon, and saw 1 of its levels.

Inventory:

Armour
 a - a +0 robe (worn)
Scrolls
 b - a scroll of vulnerability {unknown}


   Skills:
 + Level 1.8 Dodging
 + Level 1.8 Stealth
 + Level 2.1 Spellcasting
 + Level 1.0 Conjurations
 + Level 2.9 Fire Magic


You had 3 spell levels left.
You knew the following spells:

 Your Spells              Type           Power      Damage    Failure   Level
a - Foxfire               Conj/Fire      32%        2x1d5     9%          1

Your spell library contained the following spells:

 Spells                   Type           Power      Damage    Failure   Level
 Scorch                   Fire           22%        2d6       9%          2
 Conjure Flame            Conj/Fire      8%         6-21      26%         3
 Inner Flame              Hex/Fire       6%         N/A       32%         3
 Flame Wave               Conj/Fire      8%         2d5       65%         4


Dungeon Overview and Level Annotations

Branches:
Dungeon (1/15)

Altars:


Message History

You hit the dart slug but do no damage.
The foxfire hits the bat.
You kill the bat!
The bat barely misses you.
You hit the dart slug.
The dart slug is lightly wounded.
The bat completely misses you.
The dart slug bites you but does no damage.
You hit the dart slug but do no damage.
The dart slug is lightly wounded.
The bat closely misses you. The dart slug barely misses you.
You hit the dart slug but do no damage.
The dart slug is lightly wounded.
The bat barely misses you.
You hit the dart slug.
The dart slug is moderately wounded.
The bat closely misses you. The dart slug misses you.
You hit the dart slug but do no damage.
The dart slug is moderately wounded.
The bat barely misses you. The dart slug barely misses you.
You hit the dart slug.
The dart slug is heavily wounded.
The bat barely misses you. x2
You hit the dart slug but do no damage.
The dart slug is heavily wounded.
The dart slug bites you.
You conjure some foxfire!
The bat barely misses you. The bat closely misses you.
The dart slug launches a dart at you. The slug dart hits you.
* * * LOW HITPOINT WARNING * * *
You hit the dart slug but do no damage.
The dart slug is heavily wounded.
The foxfire hits the dart slug.
The dart slug is severely wounded.
The foxfire hits the bat.
The bat is severely wounded.
The bat barely misses you. The dart slug launches a dart at you.
The slug dart hits you.
You die...

# #..##.# #.# ##.##.#
#.# #..#.#####.#
#.#.###.#........
#.#.......#######
######.######..#
#...........(..#
#...w..........###
#....@...........##
.......§.......#.#..#
.....b.####..###.♣♣.♣
....... ♣.♣♣ #.♣P.♣
....... ♣.♣ #.♣♣..♣
....... ♣.P ##♣...♣
###.... P.♣ ♣♣.♣♣
..#.. ♣.♣ ..# .†.


You could see a dart slug and a bat.

Vanquished Creatures
  3 bats (D:1)
  An endoplasm (D:1)
  A hobgoblin (D:1)
5 creatures vanquished.

Vanquished Creatures (collateral kills)
  A foxfire (D:1)
1 creature vanquished.

Vanquished Creatures (others)
  16 foxfires (D:1)
16 creatures vanquished.

Grand Total: 22 creatures vanquished

Notes
Turn   | Place    | Note
-------+----------+-------------------------------------------
     0 | D:1      | DemonSlayer the Demonspawn Fire Elementalist began the
                  | quest for the Orb.
     0 | D:1      | Reached XP level 1. HP: 13/13 MP: 3/3
    63 | D:1      | Found a faded altar of an unknown god.
   206 | D:1      | Killed from afar by a dart slug

Illustrated notes

Levels and vault maps discovered:
D:1:      giann_bridges, layout_basic, basic_ecumenical_altar, serial_forest,
          infiniplex_forest_clump_double, infiniplex_forest_clump_long,
          infiniplex_forest_zigzag_1, infiniplex_forest_straight_4,
          infiniplex_forest_zigzag_1, infiniplex_forest_fountain,
          infiniplex_forest_end_3, infiniplex_forest_straight_5,
          infiniplex_forest_clump_medium

Action                   || total
-------------------------++-------
Melee: Unarmed           ||     9
 Cast: Foxfire           ||    13
Armor: Robe              ||     3
Dodge: Dodged            ||    29
